Map: Dusk Towers

Players

LilDicky

  • Race: Terran Terran
  • League: Diamond

GrandMaester - Winner!

  • Race: Protoss Protoss
  • League: Master

VOD

http://www.twitch.tv/tumescentpie

Description

Time

  • Played on: Dec. 7, 2015, 10:20 p.m.
  • Length: 21:58
Show
View Real Time Build Order
Export as new Build Order

LilDicky Terran 

Build Orders: MMM Bio 

Get SALT Encoding   

  12  0:01  SCV  
  13  0:16  SCV  
  13  0:18  Supply Depot  
  14  0:28  SCV  
  15  0:29  Refinery  
  15  0:40  SCV  
  16  0:46  Barracks  
  16  0:56  SCV  
  17  1:08  SCV  
  18  1:20  SCV  
  19  1:33  Factory  
  19  1:34  Supply Depot  
  19  1:37  Orbital Command, Marine  
  20  1:55  Marine  
  20  1:59  Barracks  
  21  2:05  Barracks  
  21  2:07  SCV  
  22  2:18  Barracks Reactor  
  22  2:22  Refinery  
  22  2:31  SCV  
  23  2:38  Supply Depot, Widow Mine  
  25  2:53  Barracks Tech Lab x2  
  25  2:55  Marine x2  
  25  2:56  SCV  
  28  3:06  Widow Mine  
  29  3:19  Marauder, Marine  
  34  3:20  Stimpack  
  34  3:21  Combat Shields  
  34  3:22  Marine  
  34  3:23  Marine  
  34  3:24  SCV  
  35  3:36  SCV  
  35  3:40  Marauder  
  38  3:45  Supply Depot  
  38  3:47  Marine  
  39  3:58  Factory  
  39  4:00  Starport  
  39  4:06  Marine x3  
  42  4:13  Marine  
  44  4:17  SCV  
  44  4:20  Supply Depot  
  44  4:24  Marine  
  44  4:26  Marine x2  
  47  4:41  Marine  
  47  4:42  SCV, Marine  
  47  4:43  Medivac  
  52  4:49  Supply Depot  
  52  4:53  Marine  
  52  4:55  Marine  
  54  5:00  Marine  
  55  5:07  Engineering Bay  
  55  5:13  Marine x2, Medivac  
  58  5:22  Orbital Command  
  52  6:06  Marine x2  
  52  6:09  Viking  
  50  6:15  Marine  
  50  6:16  Refinery x2  
  38  6:33  Marine x3  
  34  7:19  Supply Depot x2  
  34  7:22  Supply Depot  
  34  7:40  Marine x4  
  30  8:20  SCV  
  30  8:29  Starport  
  24  8:51  Command Center  
  24  8:55  Missile Turret  
  21  8:57  Missile Turret  
  21  8:59  Missile Turret  
  16  9:09  Marine  
  17  9:25  Marine  
  18  9:52  Widow Mine  
  18  10:04  Viking  
  20  10:08  Starport  
  17  10:58  Refinery  
  17  10:59  Refinery  
  17  11:02  SCV, Barracks  
  16  11:20  Command Center  
  16  11:26  SCV  
  11  12:04  Marine  
  11  12:07  SCV  
  12  12:49  Viking  
  4  13:21  SCV  
  5  13:48  SCV  
  5  14:11  SCV  
  6  14:48  SCV  
  7  15:00  SCV  
  8  15:18  SCV  
  9  15:34  Marine  
  10  15:38  SCV  
  11  16:21  Command Center  
  11  16:33  SCV  
  9  16:47  Marine  
  5  17:05  Marine  
Show
View Real Time Build Order
Export as new Build Order

GrandMaester Protoss - Winner!

Build Orders:  

Get SALT Encoding   

  12  0:01  Probe (Chrono Boost)  
  13  0:11  Probe (Chrono Boost)  
  14  0:20  Pylon  
  14  0:22  Probe (Chrono Boost)  
  15  0:38  Probe (Chrono Boost)  
  15  0:40  Gateway  
  16  0:48  Probe (Chrono Boost)  
  17  0:55  Assimilator  
  17  0:58  Assimilator  
  17  0:59  Probe (Chrono Boost)  
  18  1:09  Probe (Chrono Boost)  
  19  1:12  Pylon  
  19  1:20  Probe (Chrono Boost)  
  20  1:30  Probe (Chrono Boost)  
  20  1:32  Cybernetics Core  
  21  1:38  Pylon  
  21  1:41  Probe (Chrono Boost)  
  22  1:52  Probe (Chrono Boost)  
  23  1:57  Forge  
  23  2:02  Probe (Chrono Boost)  
  24  2:11  Protoss Air Weapons Level 1  
  24  2:20  Stargate  
  24  2:24  Stargate  
  24  2:33  Photon Cannon  
  24  2:35  Mothership Core (Chrono Boost)  
  26  2:53  Probe (Chrono Boost)  
  27  3:03  Probe (Chrono Boost)  
  28  3:19  Photon Cannon  
  28  3:24  Fleet Beacon  
  28  3:27  Probe (Chrono Boost)  
  29  3:46  Pylon  
  28  4:09  Tempest (Chrono Boost)  
  32  4:22  Nexus  
  32  4:47  Tempest (Chrono Boost)  
  36  4:57  Assimilator  
  36  5:01  Assimilator  
  36  5:20  Photon Cannon  
  36  5:21  Adept, Photon Cannon  
  37  5:28  Tempest (Chrono Boost)  
  40  5:36  Photon Cannon  
  40  5:39  Probe  
  41  5:49  Probe  
  41  5:51  Pylon  
  38  6:00  Probe, Pylon  
  21  6:11  Probe  
  20  6:53  Probe  
Tags
 
Add a new tag
Caveats
  • Supply blocks, unpowered buildings, or Contaminate may cause inaccurate times.
  • Supply counts are checked every 10 seconds.